[Event "Memorial Ukrainian Chess Warriors 2024"]
[Site "Lviv"]
[Date "2024.03.15"]
[Round "8.8"]
[White "Mikhaletz, Lubomir"]
[Black "Pentsko, Stanislav"]
[Result "1-0"]
[ECO "A45"]
[WhiteElo "2278"]
[BlackElo "1634"]
[Annotator "TA"]
[PlyCount "105"]
[EventDate "2024.03.06"]
[EventType "swiss"]
[EventCountry "UKR"]
[SourceTitle "playchess.com"]
[Source "ChessBase"]
[SourceQuality "1"]
[TimeControl "600+5"]

1. d4 Nf6 2. Bg5 d5 3. Bxf6 exf6 4. e3 Bd6 5. Ne2 Bf5 6. Nd2 Nd7 7. g3 c6 8. c4 {[%emt 0:00:09] The position is equal.} dxc4 9. Nxc4 Bb4+ 10. Nc3 Nb6 11. Nxb6 Qxb6 12. Bg2 Bxc3+ 13. bxc3 Qb2 14. Qc1 Qb5 15. a4 Qc4 16. a5 O-O 17. Qa3 Rfe8 18. Rd1 Be4 (18... Bd3 $11) 19. Bxe4 $14 Rxe4 20. Qb4 Qxb4 21. cxb4 $11 {[%emt 0:00:02][%mdl 4096] Endgame. KRR-KRR} Rd8 22. Kd2 f5 23. h4 h5 {[%emt 0:00:08] [#]} 24. a6 $1 b6 (24... b5 25. Rc1) 25. Rc1 Rd6 26. Rc3 Kf8 (26... g6 $14) 27. Rhc1 $16 Ree6 {[%emt 0:00:01] [#]} 28. Rc4 ({White should play} 28. b5 $1 $16) 28... Ke7 $14 29. b5 cxb5 {[%emt 0:00:04][%mdl 8192] [#]} (29... c5 $11 {and Black stays safe.}) 30. Rc7+ $2 (30. Rc8 $1 $18 {Strongly threatening R1c7+.} Rd7 31. R1c7) 30... Rd7 31. Rb7 (31. Rc8 $1 $14 {might be stronger.}) 31... Kd8 (31... Kd6 $1 $11) 32. Rb8+ $16 {[%emt 0:00:02][%mdl 1024] White has strong compensation.} Ke7 33. Rcc8 {[%emt 0:00:03] White is more active.} Red6 $2 {[%emt 0:00:11][%mdl 8192] Black cannot hold the game after this.} (33... Kd6 $16 {is tougher.}) 34. Rb7 {[%emt 0:00:05] Black must now prevent Ra8.} g6 (34... Rd5 $142 35. Ra8 Ke6 36. Raxa7 (36. Rbxa7 Rxa7 37. Rxa7 g6 $18) 36... Rd8 37. Rxb6+ (37. Rxf7 b4 $18) 37... R5d6) 35. Ra8 $18 Ke6 36. Raxa7 Rd8 37. Rxf7 Kd5 38. Kd3 {[%emt 0:00:26] Hoping for Rab7.} Rc8 39. Rac7 Ra8 40. a7 (40. f3 $142 Re8 41. a7 Ke6 42. a8=Q Rxd4+ 43. exd4 Rxa8 44. Rce7+ Kd6 45. Rd7+ Kc6 46. Rc7+ Kd5 47. Rfd7+ Ke6 48. d5+ Ke5 49. f4+ Kf6 50. Rf7#) 40... b4 41. Rfe7 (41. f3 $142 Rxa7 42. e4+ (42. Rxa7 Rd8 43. Rf6 Rd6) 42... fxe4+ 43. fxe4+ Ke6 44. Rxa7 Rc6 45. Rae7+ (45. d5+ Ke5 46. Rfe7+ Kd6 47. Kd4 Rc4+ 48. Kxc4 b5+ 49. Kxb5 b3 50. Re6#) 45... Kd6 46. e5+ Kd5 47. Rd7+ Ke6 48. Ke4 Rc8 49. Rfe7#) 41... Rdd8 42. Rg7 {[%emt 0:00:07][%cal Of2f3] aiming for f3!} b3 43. Rc3 b2 44. Rb3 {[%emt 0:00:01][%cal Og7b7] And now Rb7! would win.} (44. Rxg6 b1=Q+ (44... b1=R 45. f3 $11) 45. Kd2 Rxa7 46. Rgc6 Ra2+ 47. Rc2 Rxc2+ 48. Rxc2 Ra8 (48... Qb4+ $2 49. Ke2 $19) 49. g4 Qf1 (49... fxg4 {leads to mate.} 50. e4+ Kxe4 51. d5 Qb4+ 52. Rc3 Ra2+ 53. Kd1 Qd4+ 54. Kc1 Qxc3+ 55. Kd1 Qd2#) 50. f3 Ra1 (50... Qxf3 51. gxh5 Qf2+ 52. Kd3 Ra3+ 53. Rc3 Ra2 54. Rc5+ bxc5 55. e4+ fxe4+ 56. Kc3 Qg3#) 51. Kc3 Ra3+ (51... Qxf3 52. Kb2 Qd1 53. Kc3 Rb1 54. e4+ Kxe4 55. Rb2 Qxd4+ 56. Kb3 Rxb2+ 57. Ka3 Qb4#) 52. Kb4 Rxe3 53. gxh5 Qe1+ (53... Qxf3 54. Kb5 Ra3 55. Kxb6 Kd6 56. Rc5 Qa8 57. Kb5 Qb8+ 58. Kc4 Qb3#) (53... Qxf3 54. Kb5 Ra3 55. Kxb6 Kd6 56. Rc5 Qa8 57. Kb5 Qb8+ 58. Kc4 Qb3#)) 44... Rg8 45. Rxg8 Rxg8 46. Rxb2 {[%emt 0:00:01] KR-KR} Kc6 47. Ra2 Ra8 48. Kc4 {[%emt 0:00:02] White mates.} b5+ 49. Kb4 Kb6 50. f3 Kc6 51. Ra6+ Kb7 52. Kxb5 Kc7 53. Rxg6 {[%emt 0:00:05] Weighted Error Value: White=0.21 (precise) /Black=0.87.  Loses game:     	---       	Black=2      Missed win:     	White=1     	---        Mistake:       	White=2     	Black=4      Inaccurate:     	White=5     	Black=3      OK:         	White=6     	Black=11     Best:        	White=5     	---} 1-0

[Event "Memorial Ukrainian Chess Warriors 2024"]
[Site "Lviv"]
[Date "2024.03.15"]
[Round "8.9"]
[White "Medvedyk, Vasyl"]
[Black "Ivanov, Taras"]
[Result "1-0"]
[ECO "B20"]
[WhiteElo "1957"]
[BlackElo "1831"]
[Annotator "RC"]
[PlyCount "114"]
[EventDate "2024.03.06"]
[EventType "swiss"]
[EventCountry "UKR"]
[SourceTitle "playchess.com"]
[Source "ChessBase"]
[SourceQuality "1"]
[TimeControl "600+5"]

1. e4 c5 2. a3 e6 3. b4 cxb4 4. axb4 Nf6 5. e5 Nd5 6. c3 d6 7. Nf3 dxe5 8. Nxe5 Bd6 9. Bb5+ Nd7 10. Nxd7 Bxd7 11. Bxd7+ Qxd7 12. O-O O-O 13. d4 Qc7 14. Qd3 Bxh2+ 15. Kh1 Bf4 16. Bxf4 Qxf4 17. b5 Rfd8 18. Kg1 e5 19. Ra4 Nb6 20. Rb4 exd4 21. Rxd4 Rxd4 22. cxd4 Rd8 23. Qa3 Nc8 24. Nc3 Qxd4 25. Re1 h6 26. g3 Qd6 27. Qa2 Qb4 28. Re3 Qd6 29. Rf3 Qe6 30. Qa5 Re8 31. Qc7 Qe7 32. Qa5 Qd7 33. Kf1 Qg4 34. Kg2 Qc4 35. Rf4 Qe6 36. Rf3 a6 37. bxa6 bxa6 38. Nd5 Qd7 39. Qa2 Rd8 40. Nc3 Qc6 41. Qxf7+ Kh8 42. Qf4 Ne7 43. Kh2 Ng6 44. Qf5 Rf8 45. Qxg6 Qxf3 46. Ne4 Qf5 47. Qc6 a5 48. Qa4 Qe5 49. Kg1 Re8 50. f3 Rc8 51. Qd7 Rc1+ 52. Kg2 Qb2+ 53. Kh3 Rh1+ 54. Kg4 h5+ 55. Kf4 Qc1+ 56. Kf5 Kh7 57. Ng5+ Kh6 1-0

[Event "Memorial Ukrainian Chess Warriors 2024"]
[Site "Lviv"]
[Date "2024.03.15"]
[Round "8.10"]
[White "Masnyak, Yuriy"]
[Black "Lornye, Pylyp"]
[Result "1/2-1/2"]
[ECO "B38"]
[WhiteElo "1785"]
[BlackElo "2147"]
[Annotator "RC"]
[PlyCount "63"]
[EventDate "2024.03.06"]
[EventType "swiss"]
[EventCountry "UKR"]
[SourceTitle "playchess.com"]
[Source "ChessBase"]
[SourceQuality "1"]
[TimeControl "600+5"]

1. e4 c5 2. Nf3 Nc6 3. d4 cxd4 4. Nxd4 g6 5. c4 Bg7 6. Be3 Nf6 7. Nc3 d6 8. Be2 O-O 9. O-O Bd7 10. Kh1 Rc8 11. Rc1 Ne5 12. b3 Neg4 13. Bg5 Qa5 14. Bh4 Bh6 15. Rc2 Bf4 16. h3 g5 17. hxg4 gxh4 18. Nd5 Nxd5 19. exd5 e5 20. Nf5 Bxf5 21. gxf5 Qd8 22. Bd3 Qg5 23. Qf3 Qh6 24. Qh3 f6 25. Be4 Rf7 26. g3 hxg3 27. Qxh6 Bxh6 28. fxg3 Rg7 29. Kh2 Rg4 30. Re2 Kf7 31. Rd1 Rcg8 32. Rd3 1/2-1/2

[Event "Memorial Ukrainian Chess Warriors 2024"]
[Site "Lviv"]
[Date "2024.03.15"]
[Round "8.11"]
[White "Bagiryan, Vigen"]
[Black "Petursson, Margeir"]
[Result "0-1"]
[ECO "B23"]
[WhiteElo "1969"]
[BlackElo "2344"]
[Annotator "TA"]
[PlyCount "108"]
[EventDate "2024.03.06"]
[EventType "swiss"]
[EventCountry "UKR"]
[SourceTitle "playchess.com"]
[Source "ChessBase"]
[SourceQuality "1"]
[TimeControl "600+5"]

1. e4 c5 2. Nc3 g6 3. g3 Bg7 4. Bg2 Nc6 5. Nge2 e6 6. d3 Nge7 7. f4 (7. Bg5 $11 {war vorzuziehen.}) 7... d6 8. Be3 Nd4 9. Bf2 {[%emt 0:00:02] Die Stellung ist ausgeglichen.} Bd7 10. O-O Bc6 11. Nxd4 cxd4 12. Ne2 e5 13. c3 dxc3 14. bxc3 O-O 15. Rb1 d5 16. fxe5 dxe4 17. d4 Nf5 18. g4 Nh4 19. Be3 (19. Bxh4 $14 {bleibt weiter vorne.} Qxh4 20. Ng3) 19... Nf3+ $17 20. Kh1 Qh4 21. h3 Rad8 {[%emt 0:00:20] Droht ...Bxe5 und aus.} 22. Qc1 f5 {[%emt 0:00:36] Schwarz steht deutlich aktiver.} 23. exf6 (23. g5 $1 $15) 23... Qxf6 (23... Rxf6 $6 24. Bf2 Qh6 25. Be3 $11) 24. c4 b6 25. d5 Bd7 26. Nd4 $2 {[%emt 0:00:13][%mdl 8192] [#]} Qh4 $2 (26... Bxg4 $1 $19 {Weiss muss nun ...Qh4 beachten.} 27. Ne2 Qe5) 27. Bf2 $15 Qf6 28. Bxf3 exf3 $40 {[%emt 0:00:07][%mdl 128] Schwarz hat einigen Angriff.} 29. Qd2 $2 (29. Rb3 $11 {und Weiss muss sich keine Sorgen machen.}) 29... h5 $19 30. g5 (30. Rb3 {ist eine bessere Verteidigung.} hxg4 31. hxg4) 30... Qf4 $2 (30... Qd6 $19 {ist viel giftiger.} 31. Rfe1 Bxh3) 31. Qxf4 $17 Rxf4 32. Ne6 Bxe6 (32... Rxc4 $2 33. Nxd8 Be5 34. Rfe1 $18) 33. dxe6 Rxc4 34. Rbd1 Rxd1 ({Besser ist} 34... Re8 $17 35. Rd7 Rxe6) 35. Rxd1 {[%mdl 4096] Endspiel. KRB-KRB} Re4 36. Rd3 $2 (36. Rd8+ $15 Bf8 37. Re8) 36... Rxe6 $19 37. Rxf3 Bf8 {[%emt 0:00:08] Gegen Ra3 gerichtet.} 38. Kg2 {[%emt 0:00:02] [#]} Re2 (38... Be7 $1 $19 {[%cal Oe6e2] Droht stark ...Re2!} 39. Kg3 Bxg5) 39. a4 $2 (39. Kf1 $17 Re4 (39... Rxa2 40. Rf6 $17) 40. Rf6) 39... Bc5 {[%emt 0:00:07] ( -> ...Rxf2+)} 40. Kf1 Rxf2+ {[%emt 0:00:03] Schwarz setzt Matt.} 41. Rxf2 Bxf2 42. Kxf2 {KP-KP} Kf7 43. Ke3 Ke6 44. Kd4 a6 45. Ke4 b5 46. a5 Kd6 47. Kd4 Kc6 48. Ke5 b4 49. Kf6 b3 50. Kxg6 b2 51. Kxh5 b1=Q ({Und nicht} 51... b1=B 52. g6 Kd7 53. g7 $11) 52. g6 Qf5+ 53. Kh4 Kb5 54. g7 Qh7+ {[%emt 0:00:01] Gewichteter Fehlerwert: Weiß=0.44/Schwarz=0.25 (präzise) .  Verlustzug:     	Weiß=4     	---        Gewinn verpasst:   	---       	Schwarz=1     Fehler:       	Weiß=3     	Schwarz=3     Ungenau:       	Weiß=1     	Schwarz=2     OK:         	Weiß=14    	Schwarz=12    Bester:       	Weiß=3     	Schwarz=2} ({Schwächer ist} 54... Kxa5 55. g8=Q $17) 0-1

[Event "Memorial Ukrainian Chess Warriors 2024"]
[Site "Lviv"]
[Date "2024.03.15"]
[Round "8.12"]
[White "Andrienko, Artem"]
[Black "Starozhilov, Leonid"]
[Result "0-1"]
[ECO "A04"]
[WhiteElo "2041"]
[BlackElo "2285"]
[Annotator "TA"]
[PlyCount "61"]
[EventDate "2024.03.06"]
[EventType "swiss"]
[EventCountry "UKR"]
[SourceTitle "playchess.com"]
[Source "ChessBase"]
[SourceQuality "1"]
[TimeControl "600+5"]

1. Nf3 g6 2. e4 Bg7 3. h4 h6 4. d3 c5 5. g3 Nc6 6. Bg2 d6 7. O-O Nf6 8. c3 {The position is equal.} Bg4 9. Nbd2 O-O 10. Re1 Nd7 11. a4 a6 12. Qb3 Rb8 13. Nh2 Be6 14. Qc2 Nde5 15. h5 Ng4 16. Nxg4 Bxg4 17. Bf3 gxh5 ({Worse is} 17... Bxh5 18. g4 $16) 18. Qd1 (18. Bd1 $15) 18... Qd7 19. Nc4 {[#]} f5 $1 20. Bxg4 (20. Nb6 $17 Qe6 21. Bf4) 20... hxg4 (20... fxg4 $19 21. Bf4 h4) 21. exf5 (21. Kg2 $17) 21... Qxf5 $19 22. Qe2 h5 23. a5 (23. Bf4 {is a better defense.}) 23... Rf7 24. Kg2 $2 (24. Bf4) 24... Rbf8 25. Rf1 d5 26. Ne3 (26. Nb6 $142) 26... Qd7 27. Nc2 Ne5 {White must now prevent ...Nf3.} 28. d4 Nf3 {And now ...h4 would win.} 29. Be3 (29. Bf4 $142) 29... Qf5 (29... Qe6 $142 {...Qe4 would now be deadly.} 30. Rg1 Qe4 (30... Nxg1 $2 31. Kxg1 $19)) 30. Rad1 {[#]} (30. Bf4 $19) 30... Qe4 31. Qe1 {Weighted Error Value: White=0.89/Black=0.38.  Mistake:       	White=8     	Black=2      Inaccurate:     	White=5     	Black=3      OK:         	White=3     	Black=5      Strong:       	---       	Black=1} 0-1

[Event "Memorial Ukrainian Chess Warriors 2024"]
[Site "Lviv"]
[Date "2024.03.15"]
[Round "8.13"]
[White "Petrov, Vladimir Sergeev"]
[Black "Pankiv, Maksym"]
[Result "1-0"]
[ECO "A17"]
[WhiteElo "2349"]
[BlackElo "1795"]
[Annotator "TA"]
[PlyCount "91"]
[EventDate "2024.03.06"]
[EventType "swiss"]
[EventCountry "UKR"]
[SourceTitle "playchess.com"]
[Source "ChessBase"]
[SourceQuality "1"]
[TimeControl "600+5"]

1. c4 Nf6 2. Nc3 e6 3. Nf3 b6 4. e4 Bb7 5. Bd3 d6 6. O-O Nbd7 7. Re1 e5 8. Bc2 {[%emt 0:00:17] White is slightly better.} g6 9. d4 Bg7 10. d5 O-O 11. Bg5 h6 12. Bh4 {[%emt 0:00:01] White is more active.} a5 13. Nd2 Nc5 14. f3 Qd7 15. a3 Na6 16. Rb1 Qc8 17. b4 Nb8 18. Nb3 axb4 19. axb4 Nbd7 20. Bf2 Nh5 21. c5 bxc5 22. bxc5 {[%emt 0:00:01] Threatens to win with c6.} dxc5 23. Nxc5 Nxc5 24. Bxc5 Rd8 25. Qe2 (25. Qd2 $16) 25... Ba6 (25... c6 $14) 26. Qe3 Nf4 27. g3 Nh3+ ({Black should play} 27... c6 $14) 28. Kh1 (28. Kg2 $142) 28... h5 29. Ba4 {[%emt 0:02:36] Bc6 is the strong threat.} Kh7 {[%emt 0:00:34] [#]} 30. Qd2 f5 $2 {[%emt 0:01:14][%mdl 8192] This move loses the game for Black.} (30... Bh6 $16 {is more resistant.} 31. Qa2 Bd3) 31. Bc6 $18 Rb8 32. Rxb8 Qxb8 33. exf5 gxf5 34. Kg2 Bh6 (34... Qb3 $142 35. Kxh3 Bf6) 35. Qc2 Ng5 36. Qxf5+ Kh8 37. Rb1 Qc8 38. Qxc8 $2 {[%emt 0:00:31] [#]} (38. Qxe5+ Kg8 39. d6 Qh3+ 40. Kh1) 38... Rxc8 39. h4 Nf7 40. Ne4 Bd3 41. Rb7 {[%emt 0:00:37] Strongly threatening Bd7.} Ra8 $2 (41... Nd8 {is a better chance.}) 42. Rxc7 Ra2+ 43. Nf2 Kg7 44. Be8 Be3 45. Rxf7+ Kg8 46. Bxe3 {[%emt 0:00:02] Weighted Error Value: White=0.36/Black=0.67.  Loses game:     	---       	Black=1      Mistake:       	White=2     	Black=4      Inaccurate:     	White=3     	Black=7      OK:         	White=14    	Black=7      Best:        	White=3     	Black=1} 1-0

[Event "Memorial Ukrainian Chess Warriors 2024"]
[Site "Lviv"]
[Date "2024.03.15"]
[Round "8.14"]
[White "Dehtiarov, Roman"]
[Black "Terletsky, Oleg A."]
[Result "1-0"]
[ECO "B01"]
[WhiteElo "2319"]
[BlackElo "2036"]
[Annotator "TA"]
[PlyCount "81"]
[EventDate "2024.03.06"]
[EventType "swiss"]
[EventCountry "UKR"]
[SourceTitle "playchess.com"]
[Source "ChessBase"]
[SourceQuality "1"]
[TimeControl "600+5"]

1. e4 d5 2. exd5 Qxd5 3. Nc3 Qd6 4. Nf3 Bg4 5. Be2 Nc6 6. h3 Bf5 7. O-O e5 {[%emt 0:00:10] [#]} 8. d4 $1 {[%emt 0:00:52] Weiß steht besser.} O-O-O (8... Nxd4 9. Nxd4) 9. Nb5 (9. d5 $16) 9... Qe7 10. d5 a6 {[%emt 0:00:12] Verhindert c4.} 11. Na3 Nf6 (11... Nd4 $11) 12. c4 $16 h6 (12... Nb4 $14) 13. Be3 e4 14. Nd4 $36 {[%emt 0:00:15][%mdl 2048] Schwarz muss aufpassen.} Nxd4 15. Qxd4 b6 $2 {[%emt 0:00:39] Führt Schwarz ins Verderben.} (15... c5 $16 {war angesagt.} 16. Qd2 Nd7) 16. Qc3 $18 Qb4 {[%emt 0:00:20] [#] ...Qxc3 wäre nun fies.} 17. Qe5 Bg6 18. Nc2 Qd6 19. Qc3 {[%emt 0:00:02] Zielt auf b4 ab.} Nd7 $2 (19... Bh5 {war einen Versuch wert.}) 20. b4 c5 21. dxc6 Qxc6 22. b5 Qc7 23. bxa6 Bc5 24. Nb4 {[%emt 0:00:29] Droht stark Nd5.} Qe5 25. Qxe5 Nxe5 26. Nd5 Rd6 (26... Bxe3 $142 27. fxe3 Kb8) 27. Rab1 Nd7 28. Rb5 Bxe3 29. fxe3 Kb8 30. Bg4 {[%emt 0:00:03] Und jetzt Bxd7 wäre schön.} f5 31. Bxf5 Ka7 $2 (31... Bxf5 32. Rxf5 Nf6 33. Nxf6 (33. Rxb6+ Rxb6 34. Nxb6 Ka7 $18) (33. Nxb6 Ka7 $18) 33... gxf6) 32. Bxg6 Rxg6 33. Rf7 Rd8 34. Nb4 {Droht Matt per Rd5.} Ka8 35. Rd5 {[%emt 0:00:09] Weiß setzt Matt.} Rf8 36. Rdxd7 Rxf7 37. Rxf7 h5 38. Nd5 Rc6 39. Nc7+ Kb8 40. Nb5 Rc8 41. Rb7+ {[%emt 0:00:01] Gewichteter Fehlerwert: Weiß=0.31/Schwarz=0.59.  Verlustzug:     	---       	Schwarz=1     Fehler:       	Weiß=1     	Schwarz=5     Ungenau:       	Weiß=3     	Schwarz=4     OK:         	Weiß=9     	Schwarz=6     Bester:       	Weiß=2     	Schwarz=2} (41. Rxg7 $142 Ka8 42. Ra7+ Kb8 43. Rb7+ Ka8 44. Nc7+ (44. Rxb6 h4 $18) 44... Rxc7 45. Rxc7 Kb8 46. Rb7+ Ka8 47. h4 (47. Rxb6 Ka7 48. c5 Ka8 49. c6 Ka7 50. Rb1 Kxa6 51. c7 Ka5 52. c8=R h4 53. Ra8#)) 1-0

[Event "Memorial Ukrainian Chess Warriors 2024"]
[Site "Lviv"]
[Date "2024.03.15"]
[Round "8.15"]
[White "Vinogradnik, Vladimir"]
[Black "Semenov, Dmytro"]
[Result "1-0"]
[ECO "C91"]
[WhiteElo "2036"]
[BlackElo "2370"]
[Annotator "TA"]
[PlyCount "91"]
[EventDate "2024.03.06"]
[EventType "swiss"]
[EventCountry "UKR"]
[SourceTitle "playchess.com"]
[Source "ChessBase"]
[SourceQuality "1"]
[TimeControl "600+5"]

1. e4 e5 2. Nf3 Nc6 3. Bb5 a6 4. Ba4 Nf6 5. O-O b5 6. Bb3 Be7 7. Re1 O-O 8. d4 d6 9. c3 Bg4 10. d5 Na5 11. Bc2 c6 12. b4 Nc4 13. dxc6 Qc7 14. h3 {[%emt 0:01:37] Die Stellung ist ausgeglichen.} Be6 15. Ng5 Qxc6 16. Nxe6 fxe6 17. Nd2 Bd8 18. Bb3 (18. a4 $11) 18... Bb6 $15 19. Qe2 {[%emt 0:00:20][%cal Rd2c4] [#]} Nh5 $1 {[%emt 0:00:59] Ein dynamisches Springerpaar.} 20. Nf3 $11 Nf4 (20... Ng3 {sieht schärfer aus.} 21. Qc2 d5 22. exd5 exd5 23. Bxc4 Qxc4 24. Nxe5 Rae8) 21. Bxf4 Rxf4 22. Bxc4 bxc4 23. a4 Raf8 24. Rad1 Bc7 25. Rd2 h6 26. Rb2 g5 27. b5 axb5 28. axb5 Qc5 29. Qe3 $36 {[%emt 0:00:15][%mdl 2048] Weiss drückt.} Qa3 (29... Qxe3 $11 {hält das Gleichgewicht.} 30. Rxe3 Bb6) 30. Reb1 $16 Ba5 {[%emt 0:00:09] [#]} (30... Bb8 $16 31. b6 Kg7) 31. b6 $1 $18 {[%emt 0:00:19] Droht stark b7.} Rb8 (31... Bxc3 $2 32. Rc2 Bb4 33. Rxc4 $18) 32. b7 ({Günstiger ist} 32. Rb5 $18) 32... Bc7 $2 {[%emt 0:00:00] Das kostet Schwarz die Partie.} (32... Qxc3 $16 33. Qa7 Bc7) 33. Rb4 {[%emt 0:00:17] h4 wäre nun fies.} Qa6 34. Qe2 d5 35. exd5 exd5 36. Qd2 ({Lieber nicht} 36. Nxe5 Qe6 (36... Re4 37. Qd1 $17) 37. g3 Re4 $17 (37... Qxe5 $2 38. Qxe5 Bxe5 39. gxf4 $18)) 36... Qd6 37. Rb5 d4 38. Nxe5 Re4 (38... d3 {ist eine bessere Chance.}) 39. cxd4 (39. Nxc4 $2 {führt zum Matt.} Qh2+ 40. Kf1 Qh1#) 39... Rxd4 40. Qe2 Re8 (40... Qe6 $142 41. Re1 g4 42. hxg4 (42. Nxg4 $2 {ist das falsche Schlagen.} Qxe2 43. Rbb1 Rxb7 $19) 42... Re8) 41. Qh5 Rf8 {[%emt 0:00:05] [#] Pariert Qf7+.} 42. b8=Q $1 {[%emt 0:00:14][%mdl 512] Weiß setzt Matt.} Bxb8 {[%emt 0:00:02] [#]} 43. Rxb8 $1 Qxe5 (43... Rdf4 44. R1b6) 44. Qg6+ Qg7 45. Rxf8+ Kxf8 46. Rb8+ {[%emt 0:00:02] Gewichteter Fehlerwert: Weiß=0.16 (sehr präzise) /Schwarz=0.56.  Verlustzug:     	---       	Schwarz=1     Fehler:       	Weiß=2     	Schwarz=5     Ungenau:       	Weiß=1     	Schwarz=2     OK:         	Weiß=13    	Schwarz=8     Bester:       	Weiß=1     	---        Stark:        	Weiß=1     	---} 1-0

[Event "Memorial Ukrainian Chess Warriors 2024"]
[Site "Lviv"]
[Date "2024.03.15"]
[Round "8.16"]
[White "Podolskyi, Mykhailo"]
[Black "Zakordonets, Olexandr"]
[Result "1-0"]
[ECO "A57"]
[WhiteElo "2331"]
[BlackElo "1963"]
[Annotator "TA"]
[PlyCount "73"]
[EventDate "2024.03.06"]
[EventType "swiss"]
[EventCountry "UKR"]
[SourceTitle "playchess.com"]
[Source "ChessBase"]
[SourceQuality "1"]
[TimeControl "600+5"]

1. d4 Nf6 2. c4 c5 3. d5 b5 4. cxb5 a6 5. Nc3 axb5 6. e4 b4 7. Nb5 d6 8. a4 g6 (8... Nxe4 $15 9. Bc4 Nf6) 9. Bd3 $11 Bg7 10. Qc2 {[%emt 0:00:12] The position is equal.} Nbd7 11. Nf3 O-O 12. O-O Ng4 13. Nd2 ({White should try} 13. Bf4 $11) 13... Ba6 (13... Nge5 $5 14. Be2 $8 Nb6 $11) 14. Be2 Ngf6 (14... Nb6 $5) 15. Rb1 Nb6 16. b3 e6 (16... Ne8 $11 {keeps the balance.}) 17. dxe6 $16 {[%emt 0:00:34] Black is on the road to losing.} fxe6 18. Bb2 Qe7 19. e5 dxe5 20. Bxe5 {[%emt 0:00:02] aiming for Bd6.} Bxb5 21. Bxb5 Nfd5 22. Bxg7 Kxg7 (22... Qxg7 {is a better defense.} 23. Qxc5 Rfd8) 23. Ne4 $18 Rac8 24. Rbc1 Rf4 (24... Nf6 $142 25. Rce1 (25. Nxc5 Nbd5 $15) 25... Nbd5) 25. Rfe1 (25. Nxc5 Nc3 26. Qd2 e5 $14) 25... Rxe4 $2 {[%emt 0:01:40] [#]} (25... Kg8 {keeps fighting.} 26. Qd2 (26. Nxc5 e5 $18) 26... Rf5) 26. Qxe4 Nc3 27. Qxe6 Qxe6 28. Rxe6 Nbd5 29. Bc4 Nf4 30. Re7+ Kf6 31. Rf7+ (31. Rxh7 Nfe2+ 32. Kf1 Nxc1 33. Rf7+ Ke5 34. Re7+ Kd6 35. Re6+ Kd7 36. Rxg6 Rh8 37. Rg7+ Kc6 $11) 31... Kg5 32. Re1 ({Stronger than} 32. Rxh7 Nfe2+ 33. Kh1 Nxc1 34. h4+ Kf6 35. Rf7+ Ke5 36. Re7+ Kd6 37. Re6+ Kc7 $11) 32... Nh5 33. a5 Rd8 34. a6 Rd2 35. g3 {[%emt 0:00:21] White mates.} Ra2 36. h4+ Kh6 37. Ree7 {[%emt 0:00:02] Weighted Error Value: White=0.16 (very precise) /Black=0.51.  Mistake:       	White=1     	Black=5      Inaccurate:     	---       	Black=4      OK:         	White=9     	Black=2      Best:        	White=1     	---} 1-0

[Event "Memorial Ukrainian Chess Warriors 2024"]
[Site "Lviv"]
[Date "2024.03.15"]
[Round "8.17"]
[White "Smolkin, Alexander"]
[Black "Alexikov, Alexander"]
[Result "1-0"]
[ECO "B20"]
[WhiteElo "1957"]
[BlackElo "2183"]
[Annotator "RC"]
[PlyCount "57"]
[EventDate "2024.03.06"]
[EventType "swiss"]
[EventCountry "UKR"]
[SourceTitle "playchess.com"]
[Source "ChessBase"]
[SourceQuality "1"]
[TimeControl "600+5"]

1. e4 c5 2. c4 Nc6 3. Nc3 g6 4. g3 Bg7 5. Bg2 e6 6. Nge2 Nge7 7. d3 a6 8. Be3 Nd4 9. Qd2 O-O 10. h4 h5 11. g4 hxg4 12. h5 f5 13. Bg5 Qe8 14. Nf4 e5 15. Bxe7 exf4 16. Bxf8 f3 17. Bf1 Kxf8 18. h6 Bh8 19. h7 d6 20. O-O-O Kf7 21. Nd5 b5 22. Re1 Be6 23. Nc7 Qc8 24. Nxa8 Qxa8 25. Qf4 Qc6 26. exf5 Bxf5 27. Qg5 Qb7 28. Qd8 Qc8 29. Qe7# 1-0